 Dungeon Crawl Stone Soup version 0.31.0-32-g396128a36d (webtiles) character file.

Game seed: 18374536598650310686

83833 spaghetti the Warrior (level 15, -2/166 (167) HPs)
             Began as an Oni Summoner on Mar 11, 2024.
             Was an Elder of Sif Muna.
             Shot with a sling bullet by a faun (11 damage)
             ... on level 2 of the Shoals.
             The game lasted 01:18:54 (36018 turns).

spaghetti the Warrior (Oni Summoner)               Turns: 36018, Time: 01:18:55

HP:   -2/166 (167)  AC: 12    Str: 16    XL:     15   Next: 78%
MP:   14/27         EV: 14    Int: 22    God:    Sif Muna [****..]
Gold: 1400          SH:  0    Dex:  9    Spells: 5/30 levels left

rFire   . . .        y - +3 spear (distort)
rCold   . . .        w - orb {*channel}
rNeg    . . .        z - +0 steam dragon scales
rPois   +            (helmet restricted)
rElec   .            K - +1 cloak {Will+}
rCorr   .            (gloves unavailable)
SInv    .            (boots unavailable)
Will    +....        o - amulet of magic regeneration
Stlth   +            l - +4 ring of protection
HPRegen 0.47/turn    r - +5 ring of evasion
MPRegen 0.60/turn

%: channel magic (20%)
@: weak-willed, animating dead, mesmerised, very slightly contaminated, studying
2 skills, lightly drained, inugami summoned
A: large, unfitting armour, horns 1, tough skin 1, double potion healing,
drunken brawling, mutation resistance 1, poison resistance
a: Renounce Religion, Channel Magic, Forget Spell, Divine Exegesis


You were on level 2 of the Shoals.
You worshipped Sif Muna.
Sif Muna was greatly pleased with you.
You visited 3 branches of the dungeon, and saw 22 of its levels.

You collected 2200 gold pieces.
You spent 800 gold pieces at shops.

Inventory:

Hand Weapons
 f - a +1 short sword of holy wrath
 g - a +1 shortbow of electrocution
 y - a +3 spear of distortion (weapon)
 A - the +8 whip "Snakebite" {venom, curare, rPois}
   (You found it on level 3 of the Lair of Beasts)

   rPois:     It protects you from poison
Missiles
 G - 4 curare-tipped darts (quivered)
Armour
 w - an orb of energy (worn)
 z - +0 steam dragon scales (worn)
 K - a +1 cloak of willpower (worn)
Jewellery
 c - a +6 ring of strength
 d - a ring of flight
 l - a +4 ring of protection (left hand)
 n - a ring of ice
 o - an amulet of magic regeneration (around neck)
 q - an amulet of guardian spirit
 r - a +5 ring of evasion (right hand)
 H - a ring of resist corrosion
 I - a ring of ice
 Q - a +5 ring of evasion
Wands
 e - a wand of roots (7)
 h - a wand of mindburst (5)
 m - a wand of polymorph (8)
 F - a wand of flame (50)
 N - a wand of paralysis (10)
Scrolls
 k - 4 scrolls of enchant weapon
 s - 3 scrolls of blinking
 v - 2 scrolls of vulnerability
 B - 4 scrolls of enchant armour
 C - 4 scrolls of amnesia
 D - 6 scrolls of immolation
 E - 6 scrolls of noise
 J - 4 scrolls of teleportation
 L - a scroll of torment
 O - 3 scrolls of identify
Potions
 a - 3 potions of enlightenment
 i - 3 potions of attraction
 j - a potion of might
 p - 2 potions of brilliance
 t - 3 potions of mutation
 u - 2 potions of resistance
 x - 3 potions of haste
 M - a potion of invisibility
Miscellaneous
 R - a phantom mirror (inert)


   Skills:
 - Level 15.0 Fighting
 - Level 1.7 Dodging
 - Level 1.4 Stealth
 - Level 8.0 Spellcasting
 + Level 13.8 Summonings
 - Level 12.0 Necromancy
 - Level 8.5 Translocations
 - Level 14.0 Invocations


You had 5 spell levels left.
You knew the following spells:

 Your Spells              Type           Power      Damage    Failure   Level
a - Blink                 Tloc           92%        N/A       3%          2
b - Call Imp              Summ           100%       N/A       1%          2
c - Call Canine Familiar  Summ           63%        N/A       1%          3
d - Animate Dead          Necr           58%        N/A       3%          4
e - Haunt                 Necr/Summ      30%        N/A       52%         7
f - Summon Hydra          Summ           31%        N/A       43%         7

Your spell library contained the following spells:

 Spells                   Type           Power      Damage    Failure   Level
 Summon Small Mammal      Summ           100%       N/A       1%          1
 Vampiric Draining        Necr           58%        2d10      1%          3
 Teleport Other           Tloc           46%        N/A       4%          3
 Summon Ice Beast         Ice/Summ       39%        N/A       6%          3
 Summon Blazeheart Golem  Fire/Summ      39%        N/A       13%         4
 Summon Lightning Spire   Summ/Air       39%        N/A       13%         4
 Magic Dart               Conj           32%        1d4       21%         1
 Shock                    Conj/Air       32%        1d5       21%         1
 Slow                     Hex            32%        N/A       21%         1
 Dimensional Bullseye     Hex/Tloc       13%        N/A       30%         4
 Vhi's Electric Charge    Tloc/Air       54%        N/A       30%         4
 Confusing Touch          Hex            8%         N/A       43%         3
 Inner Flame              Hex/Fire       8%         N/A       43%         3
 Sigil of Binding         Hex            8%         N/A       43%         3
 Swiftness                Air            8%         N/A       43%         3
 Airstrike                Air            4%         2d(1-17)  78%         4
 Flame Wave               Conj/Fire      8%         2d5       78%         4
 Olgreb's Toxic Radiance  Alch           8%         N/A       78%         4
 Sticky Flame             Fire/Alch      8%         2d4       78%         4
 Arcjolt                  Conj/Air       4%         1d14      97%         5
 Freezing Cloud           Conj/Ice/Air   4%         6-21      97%         5
 Silence                  Hex/Air        4%         N/A       97%         5
 Infestation              Necr           29%        N/A       99%         8
 Plasma Beam              Fire/Air       4%         2x1d14    100%        6
 Ozocubu's Refrigeration  Ice            4%         4d8       100%        7
 Discord                  Hex            4%         N/A       100%        8
 Maxwell's Capacitive Co  Air            4%         ∞         100%        8


Dungeon Overview and Level Annotations

Branches:
Dungeon (15/15)            Temple (0/1) D:4            Lair (5/5) D:10
 Shoals (2/4) Lair:2        Snake (0/4) Lair:2        Slime (0/5) Lair:4
    Orc (0/2) D:9          Vaults (0/5) D:14
 Depths: D:15

Altars:
Sif Muna
Vehumet
Zin
The Shining One
Jiyva

Shops:
D:5 =   D:12 :

Annotations:
D:10 Psyche
D:14 1 runed translucent door, exclusion: orange crystal statue
Lair:4 exclusion: oklob plant
Abyss:1 Agnes; Jorgrun; Josephine; spaghetti's ghost, journeyman DECK


Innate Abilities, Weirdness & Mutations

You are too large for most types of armour.
You have a pair of small horns on your head.
You have tough skin. (AC +1)
You gain doubled healing and magic from potions.
Whenever you drink a healing potion, you attack all around you.
You are somewhat resistant to further mutation.
Your system is resistant to poisons. (rPois)


Message History

The merfolk siren chants its luring song.
What are your orders? t - Shout!
Orders for allies: a - Attack new target. p - Attack previous target. r - Retreat! s - Stop attacking. g - Guard the area. f - Follow me.
Anything else - Cancel.
Gang up on whom?
Press: ? - help, Dir - move target, f - faun, p - four-headed hydra
Aim: a faun, wielding a +0 sling (ally target) Attack!
The faun shoots a sling bullet.
The sling bullet hits you!
* * * LOW HITPOINT WARNING * * *
The faun shoots a sling bullet.
The sling bullet barely misses you.
The merfolk siren chants its luring song.
Casting: Animate Dead (mildly dangerous; 3% risk of failure)
Confirm with . or Enter, or press ? or * to list all spells.
A tiny devil pulls itself out of the air.
Magical energy flows into your mind!
The faun shoots a sling bullet.
The sling bullet hits you.
* * * LOW HITPOINT WARNING * * *
The faun shoots a sling bullet.
The sling bullet hits you!
* * * LOW HITPOINT WARNING * * *
The faun shoots a sling bullet.
The sling bullet hits you!
* * * LOW HITPOINT WARNING * * *
The merfolk siren chants its luring song.
What are your orders? t - Shout!
Orders for allies: a - Attack new target. p - Attack previous target. r - Retreat! s - Stop attacking. g - Guard the area. f - Follow me.
Anything else - Cancel.
Gang up on whom?
Press: ? - help, Dir - move target, f/p - faun
Aim: a faun, wielding a +0 sling (ally target)
Okay, then.
You savour every drop.
You feel better.
The faun shoots a sling bullet.
The sling bullet hits you!
* * * LOW HITPOINT WARNING * * *
The faun shoots a sling bullet.
The sling bullet hits you!
You die...

≈≈≈~~~~.........
≈≈≈~~~~~.....c..
≈≈≈≈~~~~.~...mc.
≈≈≈≈~~~~~~~.....
≈≈≈≈~~~~~D~c!...
≈≈≈≈~~~h~D......
≈≈≈~~~~~5.......
≈≈≈≈~~~~...#...
≈≈≈~~~.@.......
≈≈~~~.~~.......
≈~~~..~.###...P
≈~~~.~~.. ~~~
≈~~~~~~~. PP
≈~~~~~~~.. P
≈≈~~~~~~.~
≈≈~~~~~~~~~


You could see 3 fauns, a merfolk siren (mesmerising), 2 friendly four-headed
hydras, a friendly cerulean imp (summoned) and a friendly inugami (summoned).

Vanquished Creatures
  Gastronok (Lair:1)
  Azrael (D:14)
  Snorg (D:13)
  A nameless horror (Lair:4)
  An ogre mage (D:14)
  A hydra (Lair:4)
  2 two-headed ogres (D:14)
  A centaur warrior (D:12)
  2 tengu warriors (D:12)
  A boulder beetle (D:13)
  A death yak (D:10)
  A skeletal warrior (D:14)
  2 skysharks
  Pikel (D:7)
  A sea snake (Shoals:1)
  A deep elf pyromancer (D:14)
  An ugly thing (D:14)
  A cyclops (D:13)
  2 manticores
  A meliai (shapeshifter) (D:15)
  Joseph (D:10)
  A merfolk siren (Shoals:1)
  2 black mambas
  2 water nymphs (Shoals:1)
  Maggie (D:8)
  2 centaur skeletons (D:14)
  4 cane toads
  2 rime drakes
  A torpor snail (Lair:5)
  4 kobold demonologists (D:12)
  A tengu conjurer (D:11)
  3 komodo dragons
  3 trolls
  A hornet (Lair:5)
  8 blink frogs
  3 slime creatures (D:12)
  2 vampires
  A water elemental (Shoals:1)
  33 yaks
  5 wyverns
  5 basilisks
  3 wraiths
  A fire elemental (D:13)
  3 steam dragons
  A redback (Lair:5)
  4 vampire mosquitoes
  Duvessa (D:7)
  15 water moccasins
  2 hell hounds (D:14)
  A black bear (D:6)
  3 laughing skulls
  2 orc warriors (D:9)
  An ice beast (D:8)
  A tengu (shapeshifter) (D:13)
  An ogre (D:7)
  6 wolves
  2 boggarts (D:14)
  7 centaurs
  3 lemures (D:7)
  2 kobold brigands
  7 bullfrogs
  3 scorpions
  Dowan (D:7)
  14 wights
  6 killer bees
  2 howler monkeys
  A crimson imp (D:5)
  A bombardier beetle (D:4)
  4 hounds
  2 gnoll boudas
  2 jellies
  4 orc priests
  2 sleepcaps
  4 iguanas
  8 orc wizards
  4 hell rats
  4 adders
  6 gnolls
  7 white imps
  An ufetubus (D:6)
  2 dart slugs
  33 orcs
  3 ball pythons
  5 endoplasms
  2 giant cockroaches
  6 goblins
  5 hobgoblins
  A jackal (D:2)
  3 quokkas
  2 bats
  2 frilled lizards (D:1)
  A goblin skeleton (D:5)
  A goblin zombie (D:5)
  A hobgoblin zombie (D:5)
  2 kobolds
  A kobold skeleton (D:5)
  An orc skeleton (D:5)
  An orc zombie (D:5)
  5 rats
328 creatures vanquished.

Vanquished Creatures (collateral kills)
  2 nameless horrors
  4 hydras
  2 centaur warriors
  2 two-headed ogres
  2 death yaks
  Sonja (Lair:1)
  A sea snake (Shoals:1)
  2 manticores
  2 oklob plants (Lair:4)
  A wolf spider (Lair:5)
  Maurice (D:7)
  2 ugly things
  8 black mambas
  A merfolk siren (Shoals:1)
  A guardian serpent (Lair:5)
  2 centaur skeletons (D:14)
  9 cane toads
  Jeremiah (Lair:1)
  4 komodo dragons
  A polar bear (Lair:2)
  A merfolk (Shoals:1)
  A snapping turtle (Shoals:1)
  A hornet (Lair:5)
  8 blink frogs
  6 slime creatures (D:12)
  3 shadows
  7 wyverns
  31 yaks
  A wraith (D:11)
  7 basilisks
  2 steam dragons
  2 vampire mosquitoes
  Edmund (D:4)
  2 acid dragons
  16 water moccasins
  A hell hound (D:13)
  An ice beast (D:4)
  An orc warrior (D:10)
  3 boggarts (D:14)
  4 wolves
  9 centaurs
  A phantom (D:3)
  A kobold brigand (D:14)
  10 bullfrogs
  A scorpion (D:5)
  7 wights
  6 howler monkeys
  2 bombardier beetles
  2 jellies
  5 orc priests
  Crazy Yiuf (D:5)
  A gnoll bouda (D:6)
  A hound (D:3)
  A sleepcap (D:7)
  3 hell rats
  2 orc wizards
  Robin (D:4)
  12 gnolls
  2 adders
  A shadow imp (D:6)
  7 white imps
  3 ufetubi
  A ribbon worm (D:2)
  A dart slug (D:2)
  11 orcs
  3 ball pythons
  4 endoplasms
  9 goblins
  9 hobgoblins
  2 jackals (D:2)
  3 bats
  A frilled lizard (D:1)
  5 kobolds
  3 rats (D:1)
279 creatures vanquished.

Vanquished Creatures (others)
  A merfolk aquamancer (Shoals:1)
  An ugly thing zombie (D:14)
  A wolf spider zombie (Lair:5)
  6 centaur zombies (D:12)
  2 hydra zombies
  A meliai zombie (D:15)
  A guardian serpent zombie (Lair:5)
  A black mamba zombie (Lair:3)
  An ogre zombie (D:14)
  A two-headed ogre zombie (D:14)
  A cane toad zombie (Lair:5)
  2 blink frog zombies
  A merfolk zombie (Shoals:1)
  A centaur (D:8)
  A torpor snail zombie (Lair:5)
  A komodo dragon zombie (Lair:4)
  A wyvern zombie (Lair:5)
  A hell hound zombie (D:14)
  4 water moccasin zombies
  4 yak zombies
  4 wolf zombies
  A howler monkey (D:8)
  A bullfrog zombie (Lair:4)
  3 basilisk zombies
  A boggart zombie (D:14)
  A scorpion zombie (D:5)
  2 killer bee zombies (D:10)
  An acid dragon zombie (D:12)
  2 kobold zombies (D:12)
49 creatures vanquished.

Grand Total: 656 creatures vanquished

Notes
Turn   | Place    | Note
-------+----------+-------------------------------------------
     0 | D:1      | spaghetti the Oni Summoner began the quest for the Orb.
     0 | D:1      | Reached XP level 1. HP: 16/16 MP: 3/3
   167 | D:1      | Reached XP level 2. HP: 17/24 MP: 0/5
   863 | D:1      | Reached XP level 3. HP: 31/31 MP: 6/6
   866 | D:1      | Learned a level 2 spell: Call Imp
  1267 | D:2      | Found a faded altar of an unknown god.
  1322 | D:2      | Prayed at the altar of an unknown god.
  1322 | D:2      | Became a worshipper of Sif Muna the Loreminder
  1322 | D:2      | Reached * piety under Sif Muna
  1664 | D:2      | Reached XP level 4. HP: 37/39 MP: 4/7
  1793 | D:2      | Reached skill level 1 in Invocations
  2138 | D:3      | Noticed a phantom
  2145 | D:3      | Learned a level 3 spell: Call Canine Familiar
  2156 | D:3      | Killed a phantom
  2157 | D:3      | Reached skill level 5 in Summonings
  2157 | D:3      | Reached XP level 5. HP: 45/45 MP: 3/8
  3055 | D:4      | Noticed an ice beast
  3083 | D:4      | Killed an ice beast
  3084 | D:4      | Reached XP level 6. HP: 50/53 MP: 9/9
  3099 | D:4      | Reached ** piety under Sif Muna
  3487 | D:4      | Noticed Robin
  3522 | D:4      | Killed Robin
  3585 | D:4      | Reached XP level 7. HP: 60/61 MP: 3/10
  4036 | D:4      | Learned a level 2 spell: Blink
  4053 | D:4      | Found a staircase to the Ecumenical Temple.
  4053 | D:4      | Noticed Edmund
  4083 | D:4      | Killed Edmund
  4384 | D:5      | Entered Level 5 of the Dungeon
  4719 | D:5      | You fall into a shaft and drop 3 floors!
  4779 | D:8      | Reached XP level 8. HP: 52/68 MP: 7/11
  5294 | D:8      | Noticed Maggie
  5304 | D:8      | Killed Maggie
  5305 | D:8      | Reached skill level 10 in Summonings
  5305 | D:8      | Reached XP level 9. HP: 54/75 MP: 5/12
  5436 | D:8      | Reached skill level 2 in Fighting
  5439 | D:8      | Reached skill level 3 in Fighting
  5458 | D:8      | Reached skill level 4 in Fighting
  5470 | D:8      | Reached skill level 5 in Fighting
  5473 | D:8      | Reached skill level 6 in Fighting
  5756 | D:8      | Reached *** piety under Sif Muna
  5794 | D:8      | Reached skill level 7 in Fighting
  5994 | D:9      | Reached skill level 8 in Fighting
  6095 | D:9      | Reached XP level 10. HP: 92/106 MP: 10/13
  6120 | D:9      | Reached skill level 9 in Fighting
  6318 | D:9      | Found a staircase to the Orcish Mines.
  6597 | D:9      | Reached skill level 10 in Fighting
  6729 | D:9      | Reached **** piety under Sif Muna
  6784 | D:9      | Reached skill level 11 in Fighting
  7275 | D:9      | Reached skill level 12 in Fighting
  7766 | D:10     | Entered Level 10 of the Dungeon
  7908 | D:10     | Reached skill level 5 in Invocations
  7923 | D:10     | Reached skill level 13 in Fighting
  7945 | D:10     | Reached XP level 11. HP: 43/127 MP: 9/16
  8171 | D:10     | Noticed Josephine
  8295 | D:11     | Noticed a manticore
  8325 | D:11     | Reached skill level 14 in Fighting
  8337 | D:11     | Killed a manticore
  8613 | D:11     | HP: 5/131 [something (29)]
  8615 | D:11     | Noticed a two-headed ogre
  8628 | D:11     | Killed a two-headed ogre
  8851 | D:11     | Learned a level 4 spell: Animate Dead
  8903 | D:11     | Noticed a tengu warrior
  8913 | D:11     | Banished a tengu warrior
  8914 | D:11     | Reached skill level 15 in Fighting
  8914 | D:11     | Reached skill level 1 in Necromancy
  8914 | D:11     | Reached skill level 1 in Translocations
  9421 | D:12     | Found Naloh's Self-Improvement Boutique.
  9476 | D:12     | Noticed a sun demon
  9492 | D:12     | Gained mutation: Your system is resistant to poisons.
                  | (rPois) [potion of mutation]
  9492 | D:12     | Gained mutation: You are somewhat resistant to further
                  | mutation. [potion of mutation]
  9540 | D:12     | Noticed a centaur warrior
  9547 | D:12     | Killed a centaur warrior
  9817 | D:12     | Reached XP level 12. HP: 137/141 MP: 14/19
  9910 | D:12     | Reached skill level 10 in Invocations
 10159 | D:12     | Reached skill level 5 in Necromancy
 10762 | D:12     | Noticed a centaur warrior
 10784 | D:12     | Killed a centaur warrior
 11438 | D:13     | Noticed Azrael
 11738 | D:14     | Noticed a two-headed ogre
 11739 | D:14     | Noticed a two-headed ogre
 11740 | D:14     | Noticed an ogre mage
 11767 | D:14     | Noticed Agnes
 11797 | D:14     | Killed a two-headed ogre
 11841 | D:14     | Banished Agnes
 12138 | D:14     | HP: 1/139 [Azrael/damnation (15)]
 12148 | D:14     | Killed Azrael
 12149 | D:14     | Reached skill level 5 in Translocations
 12582 | D:14     | Found a runed translucent door.
 12685 | D:14     | Noticed a centaur warrior
 12723 | D:14     | HP: 6/141 [purple ugly thing (13)]
 12726 | D:14     | HP: 1/141 [purple ugly thing (4)]
 12839 | D:13     | Noticed a boulder beetle
 12853 | D:13     | HP: 7/141 [fire elemental[Azrael] (2)]
 12857 | D:13     | HP: 2/141 [fire elemental[Azrael] (2)]
 12861 | D:13     | Reached XP level 13. HP: 3/149 MP: 2/21
 13604 | D:13     | Noticed Jorgrun
 14066 | D:11     | Banished Josephine
 14469 | D:10     | Noticed Psyche
 14904 | D:7      | Noticed Pikel
 14940 | D:7      | Killed Pikel
 15243 | D:7      | Noticed Maurice
 15249 | D:7      | Something stole a ring of poison resistance
 15250 | D:7      | Something stole a +1 shortbow of electrocution
 15263 | D:7      | Killed Maurice
 15513 | D:7      | Noticed Dowan
 15513 | D:7      | Noticed Duvessa
 15519 | D:7      | Killed Dowan
 15524 | D:7      | Killed Duvessa
 15709 | D:7      | Learned a level 7 spell: Haunt
 16425 | D:5      | Got Intait's Tome of Gusts and the Voyage
 16848 | D:5      | Found Wesefuidgh's Jewellery Shoppe.
 16862 | D:5      | Found a runed translucent door.
 16863 | D:5      | Noticed Crazy Yiuf
 16954 | D:5      | Found a glowing golden altar of the Shining One.
 17390 | D:5      | Killed Crazy Yiuf
 17390 | D:5      | Reached ***** piety under Sif Muna
 17607 | D:10     | Found a staircase to the Lair.
 17839 | D:10     | Noticed Joseph
 17869 | D:10     | Killed Joseph
 17974 | D:10     | Found a glowing silver altar of Zin.
 18427 | Lair:1   | Entered Level 1 of the Lair of Beasts
 18427 | Lair:1   | Noticed Gastronok
 18452 | Lair:1   | Killed Gastronok
 18629 | Lair:1   | Identified a scroll of acquirement
 18641 | Lair:1   | Noticed Jeremiah
 18710 | Lair:1   | Killed Jeremiah
 19164 | Lair:1   | Received a gift from Sif Muna
 19165 | Lair:1   | Got Sif Muna's Guidebook on Fulgurant Sidekicks {god gift}
 19166 | Lair:1   | Acquired 669 gold pieces
 19239 | D:12     | Bought a manual of Hexes for 800 gold pieces
 19824 | Lair:1   | Noticed Sonja
 19836 | Lair:1   | Killed Sonja
 20275 | Lair:2   | Found a staircase to the Snake Pit.
 20301 | Lair:2   | Found a staircase to the Shoals.
 20856 | Lair:2   | Reached skill level 5 in Spellcasting
 20918 | Lair:2   | Reached XP level 14. HP: 138/159 MP: 20/23
 21188 | Lair:2   | Reached skill level 10 in Necromancy
 21225 | Lair:2   | HP: 7/157 [blink frog (8)]
 21246 | Lair:3   | HP: 7/157 [wyvern (7)]
 22763 | Lair:3   | Found the +8 whip "Snakebite" {venom, curare, rPois}
 25560 | Lair:4   | Found a runed translucent gate.
 25560 | Lair:4   | Found a runed translucent gate.
 25560 | Lair:4   | Found a runed translucent gate.
 25561 | Lair:4   | Noticed spaghetti's ghost (journeyman DECK)
 25583 | Lair:4   | Found a staircase to the Slime Pits.
 25696 | Lair:4   | Found a viscous altar of Jiyva.
 25697 | Lair:4   | Noticed a nameless horror
 25728 | Lair:4   | Banished a nameless horror
 26561 | Lair:4   | Banished spaghetti's ghost
 26719 | Lair:5   | Entered Level 5 of the Lair of Beasts
 27108 | Lair:5   | HP: 6/145 [something (27)]
 28214 | Lair:5   | Reached XP level 15. HP: 166/167 MP: 25/25
 30033 | D:14     | Found a radiant altar of Vehumet.
 30695 | D:13     | Banished Jorgrun
 31323 | D:13     | Noticed Snorg
 31329 | D:13     | Killed Snorg
 32360 | D:14     | Found a gate to the Vaults.
 32991 | D:15     | Entered Level 15 of the Dungeon
 34861 | D:10     | Learned a level 7 spell: Summon Hydra
 34911 | Shoals:1 | Entered Level 1 of the Shoals
 36018 | Shoals:2 | Shot with a sling bullet by a faun

Illustrated notes

Levels and vault maps discovered:
D:1:      tarquinn_simple_flora_water_b, layout_loops_ring,
          minmay_tree_intersection, chequers_arboretum,
          amcnicky_mini_rare_corridor_liquid, minmay_stone_trees_small,
          reono_crystal_passage, minmay_tromino_v4_b
D:2:      layout_loops_ring, hellmonk_ecumenical_altar_dog_temple
D:3:      layout_basic
D:4:      layout_loops_ring, minmay_temple_entry_proselytizer,
          nrook_mini_vaults, minmay_misc_feat_plants, uniq_robin, uniq_edmund
D:5:      layout_loops_corners, nicolae_tso_besieged_by_evil, serial_shops,
          shop, uniq_crazy_yiuf_cottage
D:6:      layout_rooms, serial_glass, glass_columns_a, glass_columns_a,
          minmay_holes
D:7:      layout_loops_ring, uniq_duvessa, uniq_pikel, uniq_maurice
D:8:      cheibrodos_barr_body, layout_loops_ring, uniq_maggie
D:9:      layout_loops_ring, hiddenorc2_lemuel, serial_aquarium,
          aquarium_bridge_island_small [aquarium_subvault_small_water,
          aquarium_subvault_wall, aquarium_subvault_window,
          aquarium_subvault_wall, aquarium_subvault_bridge],
          aquarium_bridge_square [aquarium_subvault_balcony,
          aquarium_subvault_bridge, aquarium_subvault_balcony,
          aquarium_subvault_wall], aquarium_window_corridor_1,
          aquarium_window_fake, aquarium_window_1, aquarium_view_2a,
          aquarium_view_2e, minmay_misc_feat_room, evilmike_butchery
D:10:     layout_loops_ring, mainiacjoe_overflow_chevrons, dpeg_lair_monsters,
          uniq_psyche, uniq_joseph, uniq_josephine
D:11:     layout_roguey
D:12:     layout_rooms, nicolae_shop_self_help
D:13:     layout_basic, hangedman_decor_opposing, uniq_azrael, uniq_snorg,
          uniq_jorgrun
D:14:     layout_loops_cross, hangedman_vaults_entry_quadrant_bands,
          nicolae_vehumet_altar_sigil, minmay_crystal_box, uniq_agnes
D:15:     gammafunk_depths_entry_grave, layout_basic, minmay_misc_feat_roman
Lair:1:   layout_misc_corridors, serial_bayou_lagoon_a, grunt_megastairs_3,
          lemuel_fruit_fields, uniq_sonja, uniq_gastronok, uniq_jeremiah
Lair:2:   layout_hall_layers, elwin_shoals_entry_rocks,
          minmay_snake_entry_six_corridors, portal_ice_cave_entry_imps
Lair:3:   minmay_guarded_unrand_snakebite, layout_cave_pods,
          kennysheep_basilisk_garden
Lair:4:   layout_misc_corridors, minmay_slime_entry_oklob_open,
          ebering_ghost_rock_garden, st_stairs_6, grunt_megastairs_2
Lair:5:   hangedman_lair_tendril_chambers, layout_regular_city, minivault_26,
          minivault_27, infiniplex_staircase_pool_2
Shoals:1: cheibrodos_shoals_gigantism, layout_shoals
Shoals:2: cheibrodos_shoals_oceanic_diplomacy, layout_shoals, serial_shops,
          shop, uniq_polyphemus

Skill      XL: |  1  2  3  4  5  6  7  8  9 10 11 12 13 14 15 |
---------------+----------------------------------------------+-----
Summonings     | 4 5 6 8 10 11 12 13 | 13.8
Invocations    | 2 3 4 6 9 11 12 13 14 | 14.0
Fighting       | 8 13 15 | 15.0
Necromancy     | 3 7 9 11 12 | 12.0
Translocations | 2 5 6 7 8 |  8.5
Spellcasting   | 5 7 8 |  8.0
Dodging        | |  1.7
Stealth        | |  1.4

Action                     |  1- 3 |  4- 6 |  7- 9 | 10-12 | 13-15 || total
---------------------------+-------+-------+-------+-------+-------++-------
  Melee: Unarmed           |    20 |       |       |       |       ||    20
         Headbutt          |    17 |    22 |    15 |    83 |   250 ||   387
         Short sword       |    92 |   106 |       |       |       ||   198
         Spear             |       |       |   148 |   456 |  1238 ||  1842
  Throw: Throwing net      |       |       |       |     5 |       ||     5
         Dart              |       |       |       |       |    12 ||    12
   Cast: Summon Small Mamm |    22 |     4 |     2 |       |       ||    28
         Call Imp          |    10 |    17 |    23 |    83 |   229 ||   362
         Call Canine Famil |       |    18 |    30 |    86 |   248 ||   382
         Blink             |       |       |     2 |     6 |    10 ||    18
         Animate Dead      |       |       |       |    11 |    48 ||    59
         Haunt             |       |       |       |     1 |     5 ||     6
         Infestation       |       |       |       |       |     1 ||     1
         Summon Hydra      |       |       |       |       |     9 ||     9
 Invoke: Channel Magic     |       |     1 |     2 |    12 |    11 ||    26
         Divine Exegesis   |       |       |       |     1 |     3 ||     4
  Evoke: Wand              |       |       |       |    15 |     9 ||    24
         Phantom mirror    |       |       |       |       |     1 ||     1
    Use: Scroll            |     3 |       |     5 |    10 |    10 ||    28
         Potion            |       |       |     8 |    18 |     8 ||    34
   Stab: Sleeping          |     2 |       |     1 |     1 |     2 ||     6
         Distracted        |       |       |     2 |     3 |     7 ||    12
         Invisible         |       |       |     1 |       |       ||     1
         Held in net/web   |       |       |       |     2 |       ||     2
 Armour: Robe              |    84 |    78 |    32 |       |       ||   194
         Steam dragon scal |       |       |    56 |   407 |  1215 ||  1678
         Skin              |       |       |    20 |    18 |       ||    38
  Dodge: Dodged            |    70 |    90 |    99 |   334 |   951 ||  1544
